 Dungeon Crawl Stone Soup version 0.27-a0-54-g64bdb92e38 (webtiles) character file.

Game seed: 17352066063262632347

44 Borgoz the Skirmisher (level 3, -3/24 HPs)
             Began as a Gargoyle Berserker on Jan 7, 2021.
             Was a Follower of Trog.
             Slain by a gnoll (6 damage)
             ... on level 2 of the Dungeon.
             The game lasted 00:01:48 (927 turns).

Borgoz the Skirmisher (Gargoyle Berserker)           Turns: 927, Time: 00:01:49

Health: -3/24      AC:  5    Str: 20    XL:     3   Next: 60%
Magic:  3/3        EV:  9    Int:  7    God:    Trog [*.....]
Gold:   65         SH:  8    Dex: 10    Spells: 2/2 levels left

rFire    . . .     SeeInvis .   a - +0 falchion
rCold    . . .     Faith    .   d - +0 kite shield
rNeg     + . .     Spirit   .   b - +0 animal skin
rPois    ∞         Reflect  .   (no helmet)
rElec    +         Harm     .   (no cloak)
rCorr    .         Rampage  .   (no gloves)
Will     ++...                  (no boots)
Stlth    +.........             (no amulet)
HPRegen  1.08/turn              (no ring)
MPRegen  0.08/turn              (no ring)

@: berserk cooldown, regenerating, slowed, very slow
A: negative energy resistance 1, electricity resistance, unbreathing,
petrification resistance, miasma immunity, AC +3
a: Renounce Religion, Berserk


You were on level 2 of the Dungeon.
You worshipped Trog.
Trog was aware of your devotion.
You visited 1 branch of the dungeon, and saw 2 of its levels.

You collected 65 gold pieces.

Inventory:

Hand Weapons
 a - a +0 falchion (weapon)
Armour
 b - a +0 animal skin (worn)
 d - a +0 kite shield (worn)
 h - a +0 helmet
 i - a +0 scale mail
Scrolls
 c - a scroll of amnesia {unknown}
 e - 3 scrolls of identify {unknown}
 f - 2 scrolls of remove curse {unknown}
 g - a scroll of noise {unknown}


   Skills:
 + Level 3.6 Fighting
 + Level 3.0 Long Blades
 + Level 2.7 Armour
 + Level 2.0 Dodging
 + Level 1.2 Shields


You had 2 spell levels left.
You didn't know any spells.
Your spell library was empty.

Dungeon Overview and Level Annotations

Branches:
Dungeon (2/15)

Altars:


Innate Abilities, Weirdness & Mutations

You are resistant to torment.
Your stone body is resilient. (AC +3)
You are immune to poison.
You resist negative energy. (rN+)
You are resistant to electric shocks. (rElec)
You can survive without breathing.
You are immune to petrification.
You are immune to miasma.


Message History

There is a stone staircase leading up here.
A gnoll is nearby!
The gnoll hits you.
* * * LOW HITPOINT WARNING * * *
Your shield prevents you from hitting the gnoll.
You block the gnoll's attack. The gnoll hits you.
* * * LOW HITPOINT WARNING * * *
Hit: a) +0 falchion
Press: ? - help, Dir - move target, f - gnoll
Aim: a gnoll
Okay, then.
You aren't carrying any potions.
Unknown command.
You aren't carrying any potions.
Okay, then.
Your skin crawls.
You feel strong-willed.
You can no longer call upon Trog for regeneration and willpower.
The gnoll hits you.
You die...

#..... # ##.... #.
#.... .# #.##...# .###
#.#.$..###...#
##.........##.###
#......†)........
#......g[...##..###
#.......@......#...####
#.#.......†.##..>.....#
# #......).†### ..$.#
#.#.....#...##†...#
...#...#####.......#
#..#...## ####....#
.....### ....# #.#
....# .. ....#


You could see a gnoll.

Vanquished Creatures
  A gnoll (D:2)
  A worm (D:2)
  A leopard gecko (D:1)
  A giant cockroach (D:2)
  4 goblins
  5 hobgoblins (D:1)
  3 jackals (D:1)
  7 bats
  2 frilled lizards
  A kobold (D:1)
  4 rats
30 creatures vanquished.

Notes
Turn   | Place    | Note
-------+----------+-------------------------------------------
     0 | D:1      | Borgoz the Gargoyle Berserker began the quest for the Orb.
     0 | D:1      | Reached XP level 1. HP: 14/14 MP: 1/1
   184 | D:1      | Reached XP level 2. HP: 17/19 MP: 2/2
   748 | D:1      | Reached skill level 1 in Shields
   876 | D:1      | Reached XP level 3. HP: 23/23 MP: 3/3
   878 | D:1      | You fall into a shaft and drop 1 floor!
   916 | D:2      | Reached ** piety under Trog
   926 | D:2      | HP: 1/24 [gnoll (3)]
   927 | D:2      | Slain by a gnoll

Illustrated notes

Levels and vault maps discovered:
D:1:      co_arrival_square_in_a_square_in_a_square, layout_loops_ring,
          minmay_heptomino_o4
D:2:      layout_rooms, uniq_robin

Skill      XL: |  1  2  3 |
---------------+----------+-----
Shields        | 1 |  1.2
Long Blades    | 3 |  3.0
Dodging        | 2 |  2.0
Fighting       | |  3.6
Armour         | |  2.7

Action                   || total
-------------------------++-------
Melee: Falchion          ||    76
Invok: Berserk           ||     1
       Trog's Hand       ||     1
Armor: Animal skin       ||    43
Dodge: Dodged            ||    44
Block: Kite shield       ||    45
       Rpst.: Falchion   ||     8

Table legend: (Time is in decaauts)
 A = Elapsed time spent in this place.
 B = Non-inter-level travel time spent in this place.
 C = Inter-level travel time spent in this place.
 D = Time resting spent in this place.
 E = Time spent auto-exploring this place.
 F = Levels seen in this place.
 G = Mean time per level.
                   A        B        C        D        E       F      G
               +--------+--------+--------+--------+--------+-----+--------+
         Total |    945 |    904 |     41 |     81 |    621 |   2 |  472.5 |
       Dungeon |    945 |    904 |     41 |     81 |    621 |   2 |  472.5 |
               +--------+--------+--------+--------+--------+-----+--------+

Top non-repeatable levels by time:
     D:1: 892 daAuts
     D:2: 53 daAuts
